 Dungeon Crawl Stone Soup version 0.31-a0-128-g25add195a6 (webtiles) character file.

Game seed: 4777897289454063066

2853 greenreed the Thaumaturge (level 9, -7/39 HPs)
             Began as a Spriggan Conjurer on June 1, 2023.
             Was a Believer of Vehumet.
             Killed from afar by Dowan (11 damage)
             ... with a puff of flame
             ... on level 7 of the Dungeon.
             The game lasted 00:23:27 (8754 turns).

greenreed the Thaumaturge (Spriggan Conjurer)       Turns: 8754, Time: 00:23:28

Health: -7/39      AC:  2    Str:  5    XL:     9   Next: 46%
Magic:  13/24      EV: 21    Int: 21    God:    Vehumet [**....]
Gold:   420        SH:  0    Dex: 14    Spells: 25/28 levels left

rFire   . . .        (weapon restricted)
rCold   . . .        (no shield)
rNeg    . . .        a - +0 robe
rPois   +            (helmet restricted)
rElec   .            (no cloak)
rCorr   .            (gloves unavailable)
SInv    +            (boots unavailable)
Will    +....        (no amulet)
Stlth   ++           q - ring of poison resistance
HPRegen 0.26/turn    (no ring)
MPRegen 0.19/turn

%: no passive effects
@: very quick
A: very small, no large weapons, unfitting armour, see invisible, speed 3
a: Renounce Religion


You were on level 7 of the Dungeon.
You worshipped Vehumet.
Vehumet was pleased with you.
You visited 2 branches of the dungeon, and saw 8 of its levels.
You also visited: Ossuary and Bailey.

You collected 420 gold pieces.

Inventory:

Hand Weapons
 I - the +4 dagger "Kocirphy" {protect, rN+}
   (You found it in a bailey)

   rN:        It protects you from negative energy.
Armour
 a - a +0 robe (worn)
Magical Staves
 A - a staff of cold
 E - a staff of earth
Jewellery
 q - a ring of poison resistance (left hand)
 s - a +6 ring of strength
 z - a ring of fire
Wands
 B - a wand of charming (3)
 G - a wand of mindburst (1)
Scrolls
 c - 4 scrolls of torment {unknown}
 f - 3 scrolls of fear {unknown}
 h - a scroll of silence {unknown}
 i - 8 scrolls of identify {unknown}
 k - 2 scrolls of immolation {unknown}
 n - 3 scrolls of teleportation {unknown}
 p - 3 scrolls of fog {unknown}
 r - a scroll of blinking {unknown}
 t - 2 scrolls of magic mapping {unknown}
 y - 2 scrolls of vulnerability {unknown}
 C - a scroll of butterflies {unknown}
 D - a scroll of brand weapon {unknown}
 F - a scroll of poison {unknown}
Potions
 b - a potion of magic
 d - 5 potions of heal wounds {unknown}
 e - 4 potions of mutation {unknown}
 g - a potion of lignification {unknown}
 j - a potion of enlightenment {unknown}
 l - 4 potions of curing {unknown}
 m - a potion of experience {unknown}
 o - a potion of degeneration {unknown}
 u - 3 potions of haste {unknown}
 v - 4 potions of might {unknown}
 w - a potion of brilliance {unknown}
 x - 2 potions of cancellation {unknown}
 H - a potion of berserk rage {unknown}


   Skills:
 + Level 8.1 Dodging
 - Level 3.3 Stealth
 * Level 10.3 Spellcasting
 * Level 7.0 Conjurations


You had 25 spell levels left.
You knew the following spells:

 Your Spells              Type           Power      Damage    Failure   Level
a - Magic Dart            Conj           100%       1d8       1%          1
b - Searing Ray           Conj           80%        2d7       1%          2

Your spell library contained the following spells:

 Spells                   Type           Power      Damage    Failure   Level
 Hailstorm                Conj/Ice       25%        3d7       4%          3
 Dazzling Flash           Conj/Hex       50%        N/A       4%          3
 Beastly Appendage        Tmut           20%        N/A       6%          1
 Lesser Beckoning         Tloc           20%        N/A       10%         2
 Wereblood                Tmut           10%        N/A       10%         2
 Fulminant Prism          Conj/Hex       12%        3d9       14%         4
 Iskenderun's Mystic Bla  Conj/Tloc      25%        2d7       14%         4
 Frozen Ramparts          Ice            20%        1d4       19%         3
 Gell's Gravitas          Tloc           10%        N/A       19%         3
 Spider Form              Tmut/Pois      10%        N/A       19%         3
 Teleport Other           Tloc           10%        N/A       19%         3
 Ice Form                 Ice/Tmut       10%        N/A       54%         4
 Summon Ice Beast         Ice/Summ       10%        N/A       54%         4


Dungeon Overview and Level Annotations

Branches:
Dungeon (7/15)             Temple (1/1) D:4         Ossuary (visited)
 Bailey (visited)

Altars:
Ashenzari
Cheibriados
Dithmenos
Elyvilon
Fedhas
Gozag
Hepliaklqana
Kikubaaqudgha
Makhleb
Nemelex Xobeh
Okawaru
Qazlal
Sif Muna
Uskayaw
Vehumet
Zin
The Shining One

Annotations:
D:4 2 transporters, osoart's ghost, novice FoFi
D:7 Dowan; Duvessa; Menkaure


Innate Abilities, Weirdness & Mutations

You are very small and have problems with some larger weapons.
You are too small for most types of armour.
You have supernaturally acute eyesight. (SInv)
You cover ground extremely quickly. (Speed+++)


Message History

The searing ray hits Duvessa but does no damage.
Duvessa is moderately wounded.
Dowan, Brother of Duvessa comes into view.
He is wielding a +0 dagger.
The searing ray hits Duvessa.
Duvessa is moderately wounded.
Duvessa hits you with a +0 short sword.
The searing ray hits Duvessa!
Duvessa is heavily wounded.
You finish channelling your searing ray.
Duvessa hits you with a +0 short sword!
Casting: Searing Ray (safe; 1% risk of failure)
Confirm with . or Enter, or press ? or * to list all spells.
Aiming: Searing Ray (safe; 1% risk of failure)
Press: ? - help, Shift-Dir - straight line, f/p - Duvessa
Aim: Duvessa, wielding a +0 short sword and wearing a +1 ring mail of positive energy (heavily wounded, 87% to hit)
The searing ray hits Duvessa!
Duvessa is severely wounded.
The searing ray hits Menkaure.
Menkaure is moderately damaged. (Press . to maintain the ray.) Dowan shouts!
Duvessa completely misses you.
The searing ray hits Duvessa.
Duvessa is almost dead.
The searing ray hits Menkaure!
Menkaure is severely damaged.
Menkaure calls on the powers of darkness!
Dowan convulses!
Duvessa convulses!
Your body is wracked with pain!
Duvessa closely misses you.
The searing ray hits Duvessa but does no damage.
Duvessa is almost dead.
The searing ray hits Menkaure.
Menkaure is severely damaged.
Duvessa hits you with a +0 short sword!
* * * LOW HITPOINT WARNING * * *
Unknown command.
Dowan says, "Stay away from my face!"
Dowan gestures at you while chanting. The puff of flame hits you!
You die...

.........######...#.####
.####.#.......##.......#
###......###<####...#.##
.......................+
###......###.##.....#.##
#..#..## #.##.##.## #
#.##..####.##.#.##
#.##....#.#.#...#.
........#@#.........
###.####....##.....# #
##..e........
#....#.###. #......e....
#....##M....# #.#.#..
...... #...#.#. ...#.
....... .#.#


You could see Duvessa, Menkaure and Dowan.

Vanquished Creatures
  An orc knight (Bailey)
  A deep elf pyromancer (Bailey)
  5 orc warriors (Bailey)
  A sky beast (D:6)
  An ogre (D:6)
  A kobold brigand (D:6)
  An elf skeleton (D:5)
  A bullfrog (D:6)
  An elf zombie (D:5)
  2 scorpions
  4 wights
  A bullfrog zombie (Ossuary)
  5 centaur zombies (Ossuary)
  7 hounds
  An iguana (D:5)
  2 human skeletons (D:5)
  A scorpion zombie (Ossuary)
  An ogre zombie (Ossuary)
  7 adders
  An ufetubus (D:5)
  An adder zombie (Ossuary)
  2 worms
  2 dart slugs
  17 orcs
  5 ball pythons
  10 endoplasms
  A giant cockroach (D:1)
  8 goblins
  3 hobgoblins
  4 jackals (D:2)
  9 kobolds
  4 quokkas
  5 bats
  2 frilled lizards (D:1)
  3 gnoll zombies (Ossuary)
  3 goblin zombies (Ossuary)
  4 hobgoblin zombies (Ossuary)
  An orc skeleton (D:5)
  7 orc zombies
  7 rats
143 creatures vanquished.

Notes
Turn   | Place    | Note
-------+----------+-------------------------------------------
     0 | D:1      | greenreed the Spriggan Conjurer began the quest for the
                  | Orb.
     0 | D:1      | Reached XP level 1. HP: 9/9 MP: 5/5
   326 | D:1      | Reached XP level 2. HP: 13/13 MP: 4/6
   365 | D:1      | Reached skill level 3 in Spellcasting
  1274 | D:1      | Learned a level 2 spell: Searing Ray
  1482 | D:2      | Reached XP level 3. HP: 16/16 MP: 6/8
  1585 | D:2      | Found a faded altar of an unknown god.
  2511 | D:3      | Found a blossoming altar of Fedhas.
  2643 | D:3      | Reached XP level 4. HP: 21/21 MP: 6/10
  3236 | D:4      | Found a staircase to the Ecumenical Temple.
  3245 | Temple   | Entered the Ecumenical Temple
  3269 | Temple   | Became a worshipper of Vehumet
  3304 | D:4      | Found an ancient bone altar of Kikubaaqudgha.
  3316 | D:4      | Reached skill level 4 in Spellcasting
  3842 | D:4      | Reached XP level 5. HP: 24/24 MP: 7/12
  3938 | D:4      | Found a transporter.
  3941 | D:4      | Noticed osoart's ghost (novice FoFi)
  3943 | D:4      | Noticed an ogre
  3946 | D:4      | Noticed an ogre
  3949 | D:4      | Found a transporter.
  3949 | D:4      | Found a shimmering blue altar of Sif Muna.
  4249 | D:5      | Entered Level 5 of the Dungeon
  4385 | D:5      | Reached skill level 5 in Spellcasting
  4385 | D:5      | Reached XP level 6. HP: 28/28 MP: 4/14
  4444 | D:5      | Found a sand-covered staircase.
  4527 | Ossuary  | Entered an ossuary
  4738 | Ossuary  | Reached * piety under Vehumet
  4738 | Ossuary  | Offered knowledge of Sandblast by Vehumet.
  5290 | Ossuary  | Reached skill level 5 in Dodging
  5409 | Ossuary  | Reached skill level 6 in Spellcasting
  5411 | Ossuary  | Reached XP level 7. HP: 22/32 MP: 6/17
  5747 | Ossuary  | Noticed a silent spectre
  5855 | D:5      | Reached skill level 5 in Conjurations
  6227 | D:5      | Reached skill level 7 in Spellcasting
  6924 | D:6      | Offered knowledge of Shock by Vehumet.
  6928 | D:6      | Reached ** piety under Vehumet
  6930 | D:6      | Reached XP level 8. HP: 36/36 MP: 13/20
  7358 | D:6      | Reached skill level 8 in Spellcasting
  7822 | D:7      | Found a flagged portal.
  7838 | Bailey   | Entered a bailey
  8194 | Bailey   | Reached skill level 9 in Spellcasting
  8309 | Bailey   | Noticed an orc knight
  8455 | Bailey   | Killed an orc knight
  8456 | Bailey   | Reached XP level 9. HP: 27/39 MP: 16/23
  8521 | Bailey   | Found a large runed translucent door.
  8521 | Bailey   | Found a large runed translucent door.
  8522 | Bailey   | Noticed a deep elf pyromancer
  8605 | Bailey   | Identified the +4 dagger "Kocirphy" {protect, rN+}
  8671 | Bailey   | Killed a deep elf pyromancer
  8671 | Bailey   | Offered knowledge of Hailstorm by Vehumet.
  8672 | Bailey   | Reached skill level 10 in Spellcasting
  8740 | D:7      | Noticed Duvessa
  8745 | D:7      | Noticed Menkaure
  8746 | D:7      | Noticed Dowan
  8754 | D:7      | Killed from afar by Dowan

Illustrated notes

Levels and vault maps discovered:
D:1:      minmay_arrival_nine_rooms, layout_basic, minmay_misc_feat_columns,
          minmay_misc_feat_encased, st_stairs_8
D:2:      layout_basic, chequers_ecumenical_altar_simple_redux
D:3:      layout_basic, lemuel_tele_altar
D:4:      layout_gridville, lemuel_doored_altar, nicolae_overflow_hidden_temple,
          minmay_temple_entry_stoned_glass, gammafunk_ghost_smash,
          cheibrodos_gnoll_hut
D:5:      layout_loops_ring, nicolae_ossuary_entry_catacombs,
          chequers_serial_rivers_small_b, minivault_14
D:6:      layout_loops_ring
D:7:      nicolae_cairo_tiling_large_dashed, layout_loops_corners,
          enter_bailey_5, grunt_decor_resistance, uniq_menkaure, uniq_joseph,
          uniq_prince_ribbit1, uniq_duvessa
Temple:   nicolae_temple_ecumenical_triangle

Skill      XL: |  1  2  3  4  5  6  7  8  9 |
---------------+----------------------------+-----
Conjurations   | 3 4 5 6 7 |  7.0
Dodging        | 3 4 5 6 7 8 |  8.1
Spellcasting   | 3 4 5 6 7 9 10 | 10.3
Stealth        | |  3.3

Action                     |  1- 3 |  4- 6 |  7- 9 || total
---------------------------+-------+-------+-------++-------
  Melee: Unarmed           |       |     1 |       ||     1
         Punch             |       |     1 |       ||     1
   Cast: Magic Dart        |   103 |   102 |   108 ||   313
         Searing Ray       |     5 |    22 |    42 ||    69
  Evoke: Wand              |       |       |    12 ||    12
 Armour: Robe              |     1 |     2 |     3 ||     6
  Dodge: Dodged            |     6 |    26 |    53 ||    85

Table legend: (Time is in decaauts)
 A = Elapsed time spent in this place.
 B = Non-inter-level travel time spent in this place.
 C = Inter-level travel time spent in this place.
 D = Time resting spent in this place.
 E = Time spent auto-exploring this place.
 F = Levels seen in this place.
 G = Mean time per level.
                   A        B        C        D        E       F      G
               +--------+--------+--------+--------+--------+-----+--------+
         Total |   6910 |   6727 |    183 |    396 |   5198 |  10 |  691.0 |
       Dungeon |   5065 |   4894 |    171 |    177 |   4089 |   7 |  723.6 |
        Temple |     30 |     18 |     12 |      0 |      9 |   1 |   30.0 |
       Ossuary |   1132 |   1132 |      0 |    127 |    750 |   1 | 1132.0 |
        Bailey |    682 |    682 |      0 |     92 |    349 |   1 |  682.0 |
               +--------+--------+--------+--------+--------+-----+--------+

Top non-repeatable levels by time:
 Ossuary: 1132 daAuts
     D:5: 1104 daAuts
     D:3: 903 daAuts
     D:1: 899 daAuts
     D:4: 723 daAuts
     D:6: 685 daAuts
  Bailey: 682 daAuts
     D:2: 662 daAuts
     D:7: 87 daAuts
  Temple: 30 daAuts
